[Event "Titled Tuesday Blitz February 28 Early 2023"]
[White "Grot, Blazej"]
[Black "Turzo, Attila"]
[WhiteFideId "21835845"]
[BlackFideId "704954"]
[WhiteElo "1823"]
[BlackElo "2536"]
[Result "1-0"]
[Round "09"]
[TimeControl "180+2"]
[Date "2023.02.28"]
[WhiteClock "0:01:05"]
[BlackClock "0:00:18"]

1. e4 c5 2. Nf3 Nc6 3. d4 cxd4 4. Nxd4 g6 5. c4 Nf6 6. Nc3 d6 7. Be2 Nxd4 8. Qxd4 Bg7 9. Be3 O-O 10. Qd3 Nd7 11. Bd4 Nc5 12. Qe3 Bxd4 13. Qxd4 a5 14. O-O Be6 15. h4 Qb6 16. Rab1 Na4 17. Qxb6 Nxb6 18. b3 Bd7 19. f3 Rfc8 20. Rfd1 Kf8 21. Kf2 h6 22. Ke1 Bc6 23. Kd2 e5 24. Kc2 Ke7 25. Rd3 Rd8 26. Rbd1 a4 27. Kb2 axb3 28. axb3 f6 29. g4 Rd7 30. Ra1 Rxa1 31. Kxa1 Rd8 32. Kb2 Nd7 33. b4 b6 34. Rd1 Nf8 35. Nd5+ Bxd5 36. cxd5 Ra8 37. Bb5 Nd7 38. Rc1 Kd8 39. Rc6 Ke7 40. Rc7 Rd8 41. Kb3 f5 42. gxf5 gxf5 43. exf5 Kf6 44. Rxd7 Rg8 45. Rxd6+ Kxf5 46. Bd3+ Kf4 47. Be4 h5 48. Rf6+ Ke3 49. Rg6 Rxg6 50. Bxg6 Kxf3 51. d6 e4 52. Bxe4+ Kxe4 53. d7 1-0


[Site "https://www.chess.com"]

[Event "Titled Tuesday Blitz February 28 Early 2023"]
[White "Reprintsev, Alexander"]
[Black "Sreyas Payyappat"]
[WhiteFideId "14100541"]
[BlackFideId "46674969"]
[WhiteElo "2250"]
[BlackElo "2083"]
[Result "1-0"]
[Round "09"]
[TimeControl "180+2"]
[Date "2023.02.28"]
[WhiteClock "0:00:23"]
[BlackClock "0:00:01"]

1. e4 c6 2. Nc3 d5 3. Nf3 dxe4 4. Nxe4 Nf6 5. Qe2 Nxe4 6. Qxe4 Nd7 7. Bc4 Nf6 8. Ne5 e6 9. Qe2 b5 10. Bb3 Qc7 11. d4 Bd6 12. a4 b4 13. Nc4 O-O 14. Nxd6 Qxd6 15. Qe5 Qxe5+ 16. dxe5 Nd7 17. Bf4 Ba6 18. O-O-O Nc5 19. Rd6 Rac8 20. Be3 Nxb3+ 21. cxb3 Rc7 22. Bc5 g6 23. Rhd1 Kg7 24. Rd7 Rfc8 25. Bxa7 c5 26. Bb6 Rc6 27. Bd8 c4 28. Bf6+ Kh6 29. bxc4 Bxc4 30. R1d4 Bd5+ 31. Kd2 Rc2+ 32. Ke3 g5 33. Rxb4 Rc1 34. h4 Re1+ 35. Kd2 Rcc1 36. Bxg5+ Kg6 37. Be3 Red1+ 38. Ke2 Re1+ 39. Kd3 Rcd1+ 40. Kc3 Re2 41. Rg4+ Kh5 42. Rg7 Kxh4 43. Rdxf7 Be4 44. Rf4+ Kh5 45. Rxe4 Rc2+ 46. Kxc2 Rc1+ 47. Kxc1 1-0


[Site "https://www.chess.com"]

[Event "Titled Tuesday Blitz February 28 Early 2023"]
[White "Dinu, Dumitru-Daniel"]
[Black "Jaskolka, Tomasz"]
[WhiteFideId "1208403"]
[BlackFideId "1170791"]
[WhiteElo "2240"]
[BlackElo "2155"]
[Result "0-1"]
[Round "09"]
[TimeControl "180+2"]
[Date "2023.02.28"]
[WhiteClock "0:00:03"]
[BlackClock "0:00:05"]

1. e4 c5 2. b3 e6 3. Bb2 Nc6 4. Bb5 Nf6 5. Bxc6 dxc6 6. Nc3 g6 7. Nf3 Bg7 8. d3 O-O 9. O-O b6 10. a4 Bb7 11. Ne2 a5 12. Nd2 Ba6 13. Qc1 Qc7 14. f4 Rfd8 15. Be5 Qe7 16. Nc4 Bxc4 17. bxc4 Nd7 18. Bxg7 Kxg7 19. Qb2+ Qf6 20. e5 Qe7 21. Nc3 Rab8 22. Ne4 h6 23. Qc3 Nf8 24. Rab1 Rd4 25. Nd6 Nd7 26. Qd2 Rd8 27. Qe3 Rxd6 28. exd6 Qxd6 29. Rfe1 Rb8 30. Rb3 Qd4 31. Qxd4+ cxd4 32. Reb1 Kf6 33. c5 Nxc5 34. Rxb6 Rc8 35. Ra1 e5 36. fxe5+ Kxe5 37. Rbb1 Kd6 38. Kf2 Re8 39. Re1 Rb8 40. Reb1 Re8 41. Rb2 Re5 42. Re1 Rf5+ 43. Kg3 Nxa4 44. Ra2 Nc3 45. Ra3 a4 46. Re8 h5 47. h3 Kc5 48. Rb8 Rf1 49. Kh4 Rf2 50. g4 Rxc2 51. gxh5 gxh5 52. Kxh5 Rd2 53. h4 Rxd3 54. Kh6 Rh3 55. h5 Kc4 56. Kg5 d3 57. Rd8 d2 58. Rxd2 Ne4+ 59. Kg4 Rxa3 60. Rc2+ Rc3 61. Ra2 Nf6+ 62. Kg5 Nxh5 63. Rxa4+ Kb3 64. Ra6 Ng3 65. Kf4 Ne2+ 66. Ke4 c5 67. Rf6 c4 68. Rxf7 Rd3 69. Rb7+ Kc3 70. Rc7 Nd4 71. Rc8 Nb5 72. Rb8 Nd6+ 73. Ke5 Nf7+ 74. Ke4 Rd4+ 75. Ke3 Nd6 76. Rb6 Nf5+ 77. Ke2 Re4+ 78. Kd1 Kd3 79. Rb2 Ne3+ 80. Kc1 c3 81. Rf2 Nc4 82. Kd1 Ne3+ 83. Kc1 Nc4 84. Kd1 Re3 85. Rd2+ Nxd2 86. Kc1 Re1# 0-1


[Site "https://www.chess.com"]

[Event "Titled Tuesday Blitz February 28 Early 2023"]
[White "Romero Barreto, Jaime Jose"]
[Black "Heinemann, Josefine"]
[WhiteFideId "3902498"]
[BlackFideId "12900460"]
[WhiteElo "2313"]
[BlackElo "2342"]
[Result "1-0"]
[Round "09"]
[TimeControl "180+2"]
[Date "2023.02.28"]
[WhiteClock "0:00:20"]
[BlackClock "0:00:05"]

1. e4 c5 2. c3 Nf6 3. e5 Nd5 4. g3 d6 5. exd6 Qxd6 6. Bg2 Nc6 7. Nf3 e5 8. O-O Be7 9. Na3 a6 10. Nc4 Qc7 11. Re1 Bg4 12. h3 Bxf3 13. Qxf3 Nf6 14. d3 O-O 15. Bg5 Rad8 16. Rad1 h6 17. Bxf6 Bxf6 18. Ne3 Qd6 19. Nf5 Qd7 20. Nxh6+ Kh7 21. Ng4 Qe6 22. Nxf6+ gxf6 23. Qh5+ Kg7 24. Re4 f5 25. Rh4 Rh8 26. Qg5+ Qg6 27. Qxg6+ fxg6 28. Rxh8 Kxh8 29. Bxc6 bxc6 30. Kf1 Kg7 31. h4 Kf6 32. Ke2 Rb8 33. b3 a5 34. Kd2 Rd8 35. Kc2 Rh8 36. Re1 Rh7 37. a3 Rb7 38. Rb1 Rh7 39. b4 axb4 40. axb4 cxb4 41. Rxb4 Ke6 42. Rb6 Kd6 43. Rb8 Ra7 44. Rg8 Ra2+ 45. Kb3 Rxf2 46. Kc4 f4 47. Rxg6+ Kd7 48. h5 fxg3 49. Rxg3 Rh2 50. Rg7+ Kd6 51. Rg6+ Kd7 52. h6 Rh3 53. Rg7+ Kd6 54. h7 Rh4+ 55. Kb3 Kc5 56. Ra7 Kd6 57. Kc2 Rh2+ 58. Kd1 Ke6 59. Ke1 Kf5 60. Kf1 Kf4 61. Kg1 Rh6 62. Kg2 Ke3 63. Rd7 Kd2 64. c4 Kc3 65. Kf3 Rh4 66. Kg3 Rh1 67. Kg4 e4 68. dxe4 Kxc4 69. Kf5 c5 70. e5 Kb5 71. Kg6 Kc6 72. Rd8 Rg1+ 73. Kf6 1-0


[Site "https://www.chess.com"]

[Event "Titled Tuesday Blitz February 28 Early 2023"]
[White "Zhukova, Natalia"]
[Black "Derjabin, Ilja"]
[WhiteFideId "14101513"]
[BlackFideId "14104768"]
[WhiteElo "2297"]
[BlackElo "2309"]
[Result "0-1"]
[Round "09"]
[TimeControl "180+2"]
[Date "2023.02.28"]
[WhiteClock "0:00:01"]
[BlackClock "0:00:23"]

1. c4 c5 2. Nf3 Nf6 3. Nc3 Nc6 4. d4 cxd4 5. Nxd4 g6 6. e4 d6 7. Be2 Nxd4 8. Qxd4 Bg7 9. Be3 O-O 10. Qd2 Ng4 11. Bxg4 Bxg4 12. O-O Rc8 13. b3 b5 14. Nxb5 Bxa1 15. Rxa1 a6 16. Nc3 Be6 17. Bh6 Re8 18. f4 Qa5 19. f5 Bd7 20. Kh1 Bc6 21. Rf1 Qe5 22. Be3 Qg7 23. Bd4 f6 24. Qd3 gxf5 25. Rxf5 Kh8 26. Ne2 e5 27. Bf2 Bd7 28. Rf3 f5 29. Ng3 f4 30. Nf1 Bg4 31. Qxd6 Rcd8 0-1


[Site "https://www.chess.com"]

[Event "Titled Tuesday Blitz February 28 Early 2023"]
[White "Bogaudinov, Rushan"]
[Black "Martin Carmona, Gaston Manuel"]
[WhiteFideId "4129288"]
[BlackFideId "22284567"]
[WhiteElo "2063"]
[BlackElo "2245"]
[Result "0-1"]
[Round "09"]
[TimeControl "180+2"]
[Date "2023.02.28"]
[WhiteClock "0:00:17"]
[BlackClock "0:01:29"]

1. e4 c5 2. Nf3 d6 3. d4 cxd4 4. Nxd4 Nf6 5. Nc3 g6 6. Be3 Bg7 7. Be2 Nc6 8. O-O O-O 9. Qd2 Nxd4 10. Bxd4 Be6 11. Rfe1 Qa5 12. Bf1 Rac8 13. Rad1 Rfd8 14. a3 Ng4 15. Bxg7 Kxg7 16. h3 Ne5 17. Nd5 Qxd2 18. Rxd2 Bxd5 19. exd5 Kf6 20. b3 Rc3 21. f4 Nd7 22. Kf2 Rdc8 23. Bd3 Nc5 24. Bc4 a6 25. Re3 Rxe3 26. Kxe3 b5 27. Be2 h5 28. g4 hxg4 29. hxg4 g5 30. fxg5+ Kxg5 31. Kd4 Kf4 32. b4 Na4 33. c4 e5+ 34. dxe6 fxe6 35. cxb5 e5+ 36. Kd5 Nc3+ 37. Kxd6 Rd8+ 38. Kc7 Rxd2 39. b6 Nd5+ 40. Kc6 Nxb6 41. Kxb6 Rxe2 42. Kxa6 Ra2 0-1


[Site "https://www.chess.com"]

[Event "Titled Tuesday Blitz February 28 Early 2023"]
[White "Avazkhonov, Alikhon"]
[Black "Thorhallsson, Simon"]
[WhiteFideId "14208504"]
[BlackFideId "2310090"]
[WhiteElo "1739"]
[BlackElo "2108"]
[Result "0-1"]
[Round "09"]
[TimeControl "180+2"]
[Date "2023.02.28"]
[WhiteClock "0:00:14"]
[BlackClock "0:00:05"]

1. d4 Nf6 2. c4 e6 3. Nc3 Bb4 4. e3 O-O 5. Bd2 d5 6. Nf3 c5 7. a3 Bxc3 8. Bxc3 Ne4 9. Rc1 Nxc3 10. Rxc3 cxd4 11. Nxd4 dxc4 12. Bxc4 a6 13. O-O b5 14. Be2 Bb7 15. Bf3 Qb6 16. b4 Rd8 17. Qc2 Bxf3 18. Nxf3 Nd7 19. Rd1 Nf6 20. Ne5 Rxd1+ 21. Qxd1 Nd5 22. Rc6 Qb7 23. e4 Ne7 24. Rd6 g6 25. Nd7 Qc7 26. g3 Nc6 27. Nf6+ Kg7 28. Qa1 e5 29. Qd1 Nd4 30. Rxd4 exd4 31. Qxd4 Qd8 32. Nh5+ Kh6 33. Qg7+ Kxh5 34. Qxh7+ Kg4 35. Kg2 Qh8 36. h3+ Kg5 37. h4+ Kf6 38. e5+ Ke7 39. Qxh8 Rxh8 40. Kf3 Rc8 41. Ke4 Rc3 42. Kd5 Rxa3 0-1


[Site "https://www.chess.com"]

[Event "Titled Tuesday Blitz February 28 Early 2023"]
[White "Llanos, Guillermo"]
[Black "Bilan, Danila"]
[WhiteFideId "100358"]
[BlackFideId "24161918"]
[WhiteElo "2225"]
[BlackElo "2182"]
[Result "1-0"]
[Round "09"]
[TimeControl "180+2"]
[Date "2023.02.28"]
[WhiteClock "0:00:49"]
[BlackClock "0:00:04"]

1. d4 d5 2. c4 c6 3. Nf3 Nf6 4. Nc3 e6 5. e3 Nbd7 6. Be2 Bd6 7. b3 O-O 8. Bb2 Ne4 9. Nxe4 dxe4 10. Nd2 f5 11. Qc2 Qe7 12. c5 Bc7 13. O-O-O Nf6 14. f3 Nd5 15. Nc4 exf3 16. Bxf3 b5 17. Ne5 Bxe5 18. Bxd5 cxd5 19. dxe5 b4 20. a4 bxa3 21. Bxa3 Qc7 22. Qc3 a5 23. Kb2 Ba6 24. c6 Rfc8 25. Rc1 Bb5 26. Bd6 Qxc6 27. Qxc6 Rxc6 28. Rxc6 Bxc6 29. Rc1 Rc8 30. Rc5 Kf7 31. Rxa5 d4 32. exd4 Bxg2 33. Ra7+ Kg6 34. b4 Be4 35. Bc5 Rb8 36. Kc3 Bd5 37. Kd2 h6 38. Ke3 Bb7 39. Kf4 Kh5 40. b5 g5+ 41. Ke3 f4+ 42. Kf2 Kg4 43. b6 h5 44. Bd6 Rc8 45. Rxb7 Rc2+ 46. Ke1 Kf3 47. Rc7 Rb2 48. b7 Ke4 49. Rf7 Rb1+ 50. Kd2 Rb2+ 51. Kc3 Rxh2 52. b8=Q Rh3+ 53. Kc4 Ke3 54. Qb3+ 1-0


[Site "https://www.chess.com"]

[Event "Titled Tuesday Blitz February 28 Early 2023"]
[White "Yurasova, Daria"]
[Black "Sarkar, Justin"]
[WhiteFideId "34146919"]
[BlackFideId "2010011"]
[WhiteElo "2134"]
[BlackElo "2189"]
[Result "0-1"]
[Round "09"]
[TimeControl "180+2"]
[Date "2023.02.28"]
[WhiteClock "0:00:09"]
[BlackClock "0:00:01"]

1. d4 d5 2. Nf3 c6 3. Bf4 g6 4. e3 Nf6 5. Bd3 Bg7 6. h3 O-O 7. O-O Bf5 8. Bxf5 gxf5 9. Nbd2 Nbd7 10. Bh2 Ne4 11. c3 e6 12. Ne1 Qb6 13. Rb1 a5 14. Ndf3 a4 15. a3 c5 16. Nd3 c4 17. Nde5 Nxe5 18. Nxe5 Qd8 19. Kh1 f6 20. Nf3 Kh8 21. Qe2 Rg8 22. Nd2 Bf8 23. Nxe4 fxe4 24. f3 exf3 25. Qxf3 f5 26. Rg1 Bd6 27. Rbf1 Bxh2 28. Kxh2 Qd6+ 29. Kh1 Rg3 30. Qe2 Rag8 31. Rf3 R8g6 32. Rgf1 Rxg2 33. Qxg2 Rxg2 34. Kxg2 Qe7 35. Rg3 Qh4 36. Kh2 h5 37. Rfg1 Qe4 38. R1g2 h4 39. Rg8+ Kh7 40. R8g7+ Kh6 41. R7g6+ Kh7 42. R6g5 Kh6 43. Rg8 Kh7 44. R8g7+ Kh6 45. Rxb7 Qxe3 46. Rbg7 Qf4+ 47. Kh1 Qf1+ 48. Rg1 Qxh3# 0-1


[Site "https://www.chess.com"]

[Event "Titled Tuesday Blitz February 28 Early 2023"]
[White "Ljukin, Sergei"]
[Black "Liu, Casper"]
[WhiteFideId "14102200"]
[BlackFideId "1454153"]
[WhiteElo "2312"]
[BlackElo "2221"]
[Result "1-0"]
[Round "09"]
[TimeControl "180+2"]
[Date "2023.02.28"]
[WhiteClock "0:00:03"]
[BlackClock "0:01:25"]

1. e4 c5 2. Nf3 d6 3. d4 cxd4 4. Nxd4 Nf6 5. Nc3 Nc6 6. Bc4 e6 7. Be3 Bd7 8. Qe2 Rc8 9. O-O-O Qa5 10. Bb3 Nb4 11. f3 Rxc3 12. bxc3 Nxa2+ 13. Bxa2 Qxa2 14. Kd2 Qa5 15. Ra1 Qc7 16. Rxa7 Be7 17. Rb1 O-O 18. Rbxb7 Qc8 19. Rc7 Qd8 20. g4 d5 21. e5 Qb8 22. exf6 Bxf6 23. Rxd7 e5 24. Rdb7 Qc8 25. Rc7 Qe8 26. Nc6 e4 27. f4 h6 28. g5 hxg5 29. fxg5 Bd8 30. Rc8 d4 31. Rxd8 dxe3+ 32. Qxe3 Qxc6 33. Rxf8+ Kxf8 34. Qd4 Kg8 35. h4 Qe6 36. h5 Qg4 37. g6 Qg2+ 38. Kc1 fxg6 39. Qxg7# 1-0


[Site "https://www.chess.com"]

[Event "Titled Tuesday Blitz February 28 Early 2023"]
[White "Ibadov, Dashgyn"]
[Black "Sailer, Mike"]
[WhiteFideId "24107514"]
[BlackFideId "2012901"]
[WhiteElo "2208"]
[BlackElo "2109"]
[Result "1-0"]
[Round "09"]
[TimeControl "180+2"]
[Date "2023.02.28"]
[WhiteClock "0:01:16"]
[BlackClock "0:00:01"]

1. e4 d5 2. exd5 Qxd5 3. Nc3 Qd6 4. d4 Nf6 5. Nf3 c6 6. Ne5 Nbd7 7. Nc4 Qc7 8. Qf3 Nb6 9. Bf4 Qd8 10. Ne5 Be6 11. O-O-O Nbd5 12. Bd2 Nxc3 13. Bxc3 Bd5 14. Qe3 e6 15. Kb1 Be7 16. f3 O-O 17. g4 Nd7 18. Bd3 Nxe5 19. dxe5 Qb6 20. Qe2 c5 21. h4 Rac8 22. h5 c4 23. Be4 Bxe4 24. Qxe4 Rfd8 25. f4 Qf2 26. a4 a6 27. a5 Bc5 28. Qxc4 Bd4 29. Rxd4 Rxc4 30. Rxd8# 1-0


[Site "https://www.chess.com"]

[Event "Titled Tuesday Blitz February 28 Early 2023"]
[White "Klepikov, Nikita"]
[Black "Ambartsumova, Karina"]
[WhiteFideId "24145220"]
[BlackFideId "4166299"]
[WhiteElo "2025"]
[BlackElo "2319"]
[Result "0-1"]
[Round "09"]
[TimeControl "180+2"]
[Date "2023.02.28"]
[WhiteClock "0:00:02"]
[BlackClock "0:01:10"]

1. e4 c5 2. Nf3 Nc6 3. d4 cxd4 4. Nxd4 Qb6 5. Nb3 Nf6 6. Nc3 e6 7. Be3 Qc7 8. Nb5 Qb8 9. Bd3 d5 10. exd5 Nxd5 11. Bg5 Qe5+ 12. Be3 Nxe3 13. fxe3 a6 14. N5d4 Nxd4 15. Nxd4 Qxe3+ 16. Ne2 Bc5 17. Rf1 O-O 18. Qd2 Qe5 19. Qc3 Qxc3+ 20. Nxc3 e5 21. O-O-O Be6 22. Be4 Rab8 23. a3 b5 24. Bd3 Rfc8 25. h3 Bxa3 26. bxa3 Rxc3 27. Kb2 Rc5 28. g4 b4 29. axb4 Rxb4+ 30. Kc1 Ra5 31. Kd2 g6 32. Ra1 Rba4 33. Rxa4 Rxa4 34. Rb1 e4 35. Be2 a5 36. Rb6 h6 37. Ra6 Kg7 38. c4 Ra2+ 39. Ke3 Rxe2+ 40. Kxe2 Bxc4+ 0-1


[Site "https://www.chess.com"]

[Event "Titled Tuesday Blitz February 28 Early 2023"]
[White "Tymrakiewicz, Rafal"]
[Black "Karttunen, Mika"]
[WhiteFideId "1108832"]
[BlackFideId "502081"]
[WhiteElo "2151"]
[BlackElo "2396"]
[Result "0-1"]
[Round "09"]
[TimeControl "180+2"]
[Date "2023.02.28"]
[WhiteClock "0:00:03"]
[BlackClock "0:00:06"]

1. e4 c5 2. d4 cxd4 3. c3 Nf6 4. e5 Nd5 5. Qxd4 e6 6. Nf3 Nc6 7. Qe4 f5 8. Qe2 Be7 9. g3 b5 10. Bg2 b4 11. c4 Ba6 12. O-O O-O 13. Rd1 Rc8 14. b3 f4 15. Qe4 fxg3 16. cxd5 gxf2+ 17. Kh1 exd5 18. Qxd5+ Kh8 19. Nbd2 Be2 20. Rf1 Bxf1 21. Bxf1 Bg5 22. Kg2 Ne7 23. Qe4 d5 24. Qd3 Nc6 25. Bb2 Bxd2 26. Qxd2 d4 27. Bd3 Qd5 28. Qe2 Nxe5 29. Qe4 Qxe4 30. Bxe4 Nxf3 31. Bxf3 Rc2 32. Bxd4 f1=Q+ 33. Kxf1 Rxf3+ 34. Kg1 Rd3 35. Be5 h5 36. Rf1 Rcd2 0-1


[Site "https://www.chess.com"]

[Event "Titled Tuesday Blitz February 28 Early 2023"]
[White "Seletsky, Grigory"]
[Black "Sharapov, Evgeny"]
[WhiteFideId "14112191"]
[BlackFideId "14103133"]
[WhiteElo "2490"]
[BlackElo "2367"]
[Result "1-0"]
[Round "09"]
[TimeControl "180+2"]
[Date "2023.02.28"]
[WhiteClock "0:02:58"]
[BlackClock "0:02:25"]

1. e4 c5 2. Nc3 Nc6 3. d3 g6 4. Be3 d6 5. d4 cxd4 6. Bxd4 Nxd4 7. Qxd4 Nf6 8. e5 dxe5 9. Bb5+ Bd7 10. Qxe5 Bxb5 11. Nxb5 Qa5+ 12. c3 O-O-O 13. Nd6+ 1-0


[Site "https://www.chess.com"]

[Event "Titled Tuesday Blitz February 28 Early 2023"]
[White "Balint, Vilmos"]
[Black "Cella, Glaucio Dalla Cortt"]
[WhiteFideId "718050"]
[BlackFideId "2119455"]
[WhiteElo "2034"]
[BlackElo "2011"]
[Result "0-1"]
[Round "09"]
[TimeControl "180+2"]
[Date "2023.02.28"]
[WhiteClock "0:01:18"]
[BlackClock "0:00:47"]

1. e4 c5 2. Nf3 e6 3. d4 cxd4 4. Nxd4 Nf6 5. Bd3 Nc6 6. Nxc6 bxc6 7. O-O d5 8. exd5 cxd5 9. c4 dxc4 10. Bxc4 Qxd1 11. Rxd1 Be7 12. Bb5+ Bd7 13. Bxd7+ Nxd7 14. Nc3 Nb6 15. Be3 O-O 16. b3 Bf6 17. Rac1 Rfd8 18. Ne4 Bb2 19. Rb1 Rxd1+ 20. Rxd1 Be5 21. Bxb6 axb6 22. Kf1 h5 23. a4 b5 24. axb5 Rb8 25. Nd6 Rd8 26. b6 Rxd6 27. Re1 Bd4 28. b7 Rb6 29. Rd1 e5 0-1


[Site "https://www.chess.com"]

[Event "Titled Tuesday Blitz February 28 Early 2023"]
[White "Nur-Mukhametova, Alisa"]
[Black "Toncheva, Nadya"]
[WhiteFideId "54117739"]
[BlackFideId "2924056"]
[WhiteElo "2007"]
[BlackElo "2101"]
[Result "1-0"]
[Round "09"]
[TimeControl "180+2"]
[Date "2023.02.28"]
[WhiteClock "0:00:14"]
[BlackClock "0:00:05"]

1. d4 d5 2. c4 dxc4 3. Nf3 Nf6 4. e3 e6 5. Bxc4 a6 6. O-O c5 7. b3 b5 8. Be2 Bb7 9. Bb2 Nbd7 10. Nbd2 Qb6 11. Rc1 Be7 12. dxc5 Nxc5 13. Bd4 b4 14. Nc4 Qd8 15. Qd2 Nce4 16. Qb2 Rc8 17. Rfd1 Bd5 18. Nfe5 O-O 19. f3 Nd6 20. Nb6 Rb8 21. Nxd5 Nxd5 22. Nc6 Qe8 23. Nxb8 Qxb8 24. e4 Nf4 25. Bxa6 Ng6 26. Kh1 f6 27. Bc5 Rd8 28. Qe2 Nf7 29. Bxe7 Nxe7 30. Bc4 Rxd1+ 31. Rxd1 Qb6 32. Qd2 h6 33. Qd7 Ng6 34. Qxe6 Qf2 35. Qxf7+ 1-0


[Site "https://www.chess.com"]

[Event "Titled Tuesday Blitz February 28 Early 2023"]
[White "Castellanos Villela, Alejandro"]
[Black "Van Dael, Siem"]
[WhiteFideId "3446379"]
[BlackFideId "1049771"]
[WhiteElo "2102"]
[BlackElo "2336"]
[Result "1-0"]
[Round "09"]
[TimeControl "180+2"]
[Date "2023.02.28"]
[WhiteClock "0:01:04"]
[BlackClock "0:01:12"]

1. Nf3 Nf6 2. g3 g6 3. Bg2 Bg7 4. b3 O-O 5. Bb2 d6 6. d4 b5 7. Nfd2 c6 8. c4 bxc4 9. Nxc4 Be6 10. O-O Bd5 11. f3 Nbd7 12. e4 Bxc4 13. bxc4 e5 14. d5 Qb6+ 15. Rf2 cxd5 16. cxd5 Nc5 17. Nc3 Rab8 18. Rb1 Rfc8 19. Bf1 Bh6 20. Kg2 Be3 21. Rc2 Bd4 22. Nb5 a6 23. Nxd4 exd4 24. Qxd4 Qd8 25. Rbc1 Ncd7 26. Rxc8 Rxc8 27. Rc6 Qa5 28. Rxc8+ 1-0


[Site "https://www.chess.com"]

[Event "Titled Tuesday Blitz February 28 Early 2023"]
[White "Rian, Kapriaga"]
[Black "Kislov, Oleg"]
[WhiteFideId "7103263"]
[BlackFideId "13503774"]
[WhiteElo "2386"]
[BlackElo "2186"]
[Result "0-1"]
[Round "09"]
[TimeControl "180+2"]
[Date "2023.02.28"]
[WhiteClock "0:00:03"]
[BlackClock "0:00:16"]

1. d4 d5 2. Nf3 Nf6 3. Bf4 e6 4. e3 c5 5. Nbd2 Nc6 6. c3 Bd6 7. Ne5 cxd4 8. exd4 Qc7 9. Ndf3 Ne4 10. Bd3 f6 11. Nxc6 Bxf4 12. Nb4 Nxc3 13. Qc2 Ne4 14. Bxe4 dxe4 15. Qxe4 Bd6 16. Nd3 Qa5+ 17. Ke2 O-O 18. Rhd1 Qd5 19. Qxd5 exd5 20. h3 b6 21. Kf1 Ba6 22. Kg1 Rfe8 23. Rac1 Re2 24. Rb1 Rc8 25. Nfe1 Rc4 26. Nc1 Re4 27. Nb3 Re2 28. Nc1 Re8 29. b3 Rc3 30. Nf3 Kf7 31. Rb2 Rec8 32. Ne2 Rc2 33. Rxc2 Rxc2 34. Nc1 Ba3 35. Nd3 Bxd3 36. Rxd3 Rxa2 37. g3 Bd6 38. Kg2 a5 39. Nd2 b5 40. Nf1 a4 41. bxa4 bxa4 42. Ne3 Ke6 43. Rc3 a3 44. Rc6 Rb2 45. Ra6 a2 46. Kf3 g6 47. g4 f5 48. gxf5+ gxf5 49. Ng2 Rb3+ 50. Ne3 Ra3 51. Rxa3 Bxa3 52. Nc2 Bb2 0-1


[Site "https://www.chess.com"]

[Event "Titled Tuesday Blitz February 28 Early 2023"]
[White "Petrova, Irina"]
[Black "Kalajzic, Ivan"]
[WhiteFideId "14124122"]
[BlackFideId "14506378"]
[WhiteElo "2084"]
[BlackElo "2203"]
[Result "1/2-1/2"]
[Round "09"]
[TimeControl "180+2"]
[Date "2023.02.28"]
[WhiteClock "0:00:54"]
[BlackClock "0:00:04"]

1. e4 Nc6 2. Nf3 d6 3. Bb5 a6 4. Ba4 b5 5. Bb3 Nf6 6. d3 Bg4 7. h3 Bh5 8. Be3 e6 9. Nbd2 Be7 10. c3 O-O 11. O-O d5 12. Re1 dxe4 13. dxe4 Ne5 14. g4 Nxf3+ 15. Qxf3 Bg6 16. Rad1 c5 17. e5 Nd5 18. Ne4 Bxe4 19. Qxe4 c4 20. Bc2 g6 21. f4 Qc7 22. Bf2 Bc5 23. f5 Bxf2+ 24. Kxf2 Qc5+ 25. Kg2 Rad8 26. Rd4 Rd7 27. f6 Rfd8 28. g5 Qf8 29. Red1 h5 30. Qf3 Qc5 31. Be4 Nb6 32. Rxd7 Rxd7 33. Rxd7 Nxd7 34. Qd1 Qxe5 35. Qxd7 Qxe4+ 36. Kh2 Qf4+ 37. Kh1 Qf1+ 38. Kh2 Qf2+ 39. Kh1 Qf1+ 40. Kh2 Qf2+ 41. Kh1 Qf1+ 1/2-1/2


[Site "https://www.chess.com"]

[Event "Titled Tuesday Blitz February 28 Early 2023"]
[White "Boraso, Alessio"]
[Black "Golubev, Mikhail"]
[WhiteFideId "848077"]
[BlackFideId "14100983"]
[WhiteElo "2286"]
[BlackElo "2374"]
[Result "1-0"]
[Round "09"]
[TimeControl "180+2"]
[Date "2023.02.28"]
[WhiteClock "0:00:32"]
[BlackClock "0:00:07"]

1. e4 c5 2. c3 d5 3. exd5 Nf6 4. Bb5+ Nbd7 5. c4 a6 6. Ba4 b5 7. Bc2 bxc4 8. Nc3 Nb6 9. Nf3 Nfxd5 10. O-O g6 11. Re1 Bg7 12. Nxd5 Nxd5 13. Qe2 O-O 14. Qxc4 Nb4 15. Be4 Rb8 16. Qxc5 Nd3 17. Bxd3 Qxd3 18. Re3 Rb5 19. Qxc8 Qd5 20. Qc2 Rc5 21. Qe4 Qh5 22. d4 Rcc8 23. Bd2 Rfd8 24. Bc3 Qb5 25. Rae1 e6 26. h3 Qc4 27. a3 Qb5 28. Ne5 Rc7 29. Qf4 Qb7 30. Ng4 h5 31. Nf6+ Kh8 32. Re5 1-0


[Site "https://www.chess.com"]

[Event "Titled Tuesday Blitz February 28 Early 2023"]
[White "Fernandez Garcia, Gumersindo"]
[Black "Abdilkhair, Abilmansur"]
[WhiteFideId "24516740"]
[BlackFideId "13716417"]
[WhiteElo "2093"]
[BlackElo "2216"]
[Result "0-1"]
[Round "09"]
[TimeControl "180+2"]
[Date "2023.02.28"]
[WhiteClock "0:00:24"]
[BlackClock "0:00:05"]

1. e4 e5 2. Nf3 Nc6 3. d4 exd4 4. Bc4 Bc5 5. c3 Nf6 6. cxd4 Bb4+ 7. Bd2 Bxd2+ 8. Nbxd2 d5 9. exd5 Nxd5 10. O-O O-O 11. Re1 Bg4 12. h3 Bh5 13. a3 Nb6 14. Be2 Re8 15. Rc1 Qf6 16. Bb5 Rxe1+ 17. Qxe1 Nxd4 18. Nxd4 Qxd4 19. Rxc7 Rd8 20. Nf1 a6 21. Be2 Qe5 22. Rc2 Bg6 23. Rc1 Qxb2 24. Bf3 Qxa3 25. Rc7 Rd7 26. Rxb7 Rxb7 27. Bxb7 h6 28. Qe8+ Kh7 29. Be4 Qc1 30. Bxg6+ fxg6 31. Qe6 Qc5 32. Ne3 a5 33. Ng4 a4 34. Qf7 Qc1+ 35. Kh2 Qa1 36. h4 a3 37. Qb7 Qd4 38. Kh3 Qd3+ 39. g3 Qd4 40. Qa7 Qd5 41. Nf6+ Kh8 42. Nxd5 Nxd5 43. Qxa3 Nf6 44. Qf8+ Kh7 45. g4 Nd7 46. Qe7 Nf6 47. Qe6 Ng8 48. f4 Nf6 49. Qf7 Ne4 50. g5 Nd6 51. Qe6 Nf5 52. Kg4 h5+ 53. Kf3 Nd4+ 54. Ke4 Nxe6 55. Ke5 Nc7 56. Kd6 Nb5+ 57. Ke5 Kg8 58. Kd5 Kf7 59. Kc5 Nc3 60. Kd4 Ne2+ 61. Ke3 Ng3 62. Kf3 Nf5 63. Ke4 Ke6 64. Kf3 Kd5 65. Kf2 Ke4 66. Kg2 Kxf4 67. Kh3 Kf3 68. Kh2 Nxh4 69. Kh3 Nf5 70. Kh2 Kg4 71. Kg2 Kxg5 72. Kh2 Kf4 73. Kg2 g5 74. Kh2 g4 75. Kg2 h4 76. Kh2 h3 77. Kg1 g3 78. Kh1 Nd4 79. Kg1 Ne2+ 80. Kh1 g2+ 81. Kh2 g1=Q+ 82. Kxh3 Qg3# 0-1


[Site "https://www.chess.com"]

[Event "Titled Tuesday Blitz February 28 Early 2023"]
[White "Rottenwohrer Suarez, Juan"]
[Black "Prudnykova, Olga"]
[WhiteFideId "32068182"]
[BlackFideId "14121093"]
[WhiteElo "2174"]
[BlackElo "2174"]
[Result "1-0"]
[Round "09"]
[TimeControl "180+2"]
[Date "2023.02.28"]
[WhiteClock "0:00:03"]
[BlackClock "0:00:40"]

1. f3 Nf6 2. Kf2 g6 3. d4 Bg7 4. g4 c5 5. d5 e6 6. Nc3 exd5 7. Nxd5 Nxd5 8. Qxd5 O-O 9. h4 d6 10. h5 Be6 11. Qg5 Bd4+ 12. Kg2 Qxg5 13. Bxg5 Bxb2 14. Rb1 Be5 15. Rxb7 Na6 16. e4 Nb4 17. f4 Bd4 18. Be7 Rfe8 19. Bxd6 Nxc2 20. Nf3 Ne3+ 21. Kg3 Nxg4 22. Nxd4 cxd4 23. hxg6 hxg6 24. Bg2 Rad8 25. Be7 Rd7 26. Rxd7 Bxd7 27. Bc5 Nf6 28. Bxd4 Nh5+ 29. Kf2 Bc6 30. Ke3 a6 31. Bf3 f5 32. e5 Bxf3 33. Kxf3 Rd8 34. Be3 Rd3 35. Rb1 Ra3 36. Rb8+ Kf7 37. Rb7+ Ke8 38. e6 Nf6 39. Ke2 Rxa2+ 40. Ke1 Nd5 41. Bc5 Rc2 42. Rb8# 1-0


[Site "https://www.chess.com"]